 Seeded DCSS version 0.31-a0-1529-g7bd419a0e5 (webtiles) character file.

Game seed: 5159426969936347987 (custom seed)

16581 innerfire43 the Scribe (level 12, -2/92 HPs)
             Began as a Demonspawn Wanderer on Dec 31, 2023.
             Was a Priest of Sif Muna.
             Slain by a komodo dragon (17 damage)
             ... on level 1 of the Lair of Beasts.
             The game lasted 00:31:39 (11641 turns).

innerfire43 the Scribe (Demonspawn Wanderer)       Turns: 11641, Time: 00:31:40

Health: -2/92      AC: 29    Str: 16    XL:     12   Next: 11%
Magic:  24/24      EV:  5    Int: 12    God:    Sif Muna [***...]
Gold:   344        SH:  0    Dex: 15    Spells: 7/25 levels left

rFire   . . .        L - +4 long sword (drain)
rCold   . . .        (no shield)
rNeg    . . .        m - +3 plate armour
rPois   .            f - +2 helmet
rElec   .            (no cloak)
rCorr   .            (no gloves)
SInv    .            i - +2 pair of boots
Will    +....        l - amulet of faith Stlth
                     r - +4 ring of protection
HPRegen 0.35/turn    (no ring)
MPRegen 0.19/turn

%: faith
@: no status effects
A: spiny 1, sharp scales 3, demonic magic 1, strong-willed 1
a: Renounce Religion, Channel Magic, Forget Spell


You were on level 1 of the Lair of Beasts.
You worshipped Sif Muna.
Sif Muna was most pleased with you.
You visited 2 branches of the dungeon, and saw 11 of its levels.
You also visited: Sewer and Ossuary.

You collected 894 gold pieces.
You spent 550 gold pieces at shops.

Inventory:

Hand Weapons
 a - a +3 falchion
 c - a +0 dagger
 x - a +4 falchion of protection
 y - a +2 vampiric short sword
 J - a +2 long sword of flaming
 L - a +4 long sword of draining (weapon)
Missiles
 b - 19 boomerangs (quivered)
 w - 4 throwing nets
Armour
 e - a +0 leather armour
 f - a +2 helmet (worn)
 g - a +0 scale mail
 i - a +2 pair of boots (worn)
 m - a +3 plate armour (worn)
 v - an orb of light
Jewellery
 l - an amulet of faith (around neck)
 r - a +4 ring of protection (left hand)
 E - a ring of see invisible
 G - a ring of flight
Wands
 O - a wand of charming (2)
Scrolls
 h - 3 scrolls of revelation
 j - 4 scrolls of immolation
 k - a scroll of fear
 n - 6 scrolls of teleportation
 o - 2 scrolls of amnesia
 C - 3 scrolls of blinking
 H - a scroll of vulnerability
 I - a scroll of fog {unknown}
 K - 2 scrolls of identify
 M - a scroll of enchant weapon {unknown}
 N - a scroll of torment {unknown}
Potions
 d - 3 potions of haste
 p - 2 potions of might {unknown}
 q - 4 potions of mutation
 s - 5 potions of brilliance
 t - 4 potions of resistance
 u - 3 potions of invisibility
 z - 2 potions of enlightenment
 A - 3 potions of attraction
 B - 4 potions of curing {unknown}
 D - 2 potions of ambrosia {unknown}
 F - a potion of degeneration {unknown}


   Skills:
 + Level 7.8 Fighting
 + Level 7.4 Long Blades
 - Level 1.0 Throwing
 + Level 6.5 Armour
 - Level 7.3 Spellcasting
 - Level 17.5 Invocations
 - Level 3.6 Evocations


You had 7 spell levels left.
You knew the following spells:

 Your Spells              Type           Power      Damage    Failure   Level
a - Chain Lightning       Conj/Air       2%         3d2       100%        9
b - Fire Storm            Conj/Fire      2%         8d1       100%        9

Your spell library contained the following spells:

 Spells                   Type           Power      Damage    Failure   Level
 Apportation              Tloc           8%         N/A       100%        1
 Jinxbite                 Hex            8%         N/A       100%        2
 Mercury Vapours          Alch/Air       8%         N/A       100%        2
 Scorch                   Fire           8%         2d5       100%        2
 Frozen Ramparts          Ice            8%         1d2       100%        3
 Mephitic Cloud           Conj/Alch/Air  4%         N/A       100%        3
 Flame Wave               Conj/Fire      4%         2d5       100%        4
 Leda's Liquefaction      Alch/Erth      2%         N/A       100%        4
 Petrify                  Alch/Erth      4%         N/A       100%        4
 Alistair's Intoxication  Alch           2%         N/A       100%        5
 Freezing Cloud           Conj/Ice/Air   2%         6-21      100%        5
 Metabolic Englaciation   Hex/Ice        2%         N/A       100%        5
 Summon Cactus Giant      Summ           2%         N/A       100%        6
 Shatter                  Erth           2%         3d6*      100%        9


Dungeon Overview and Level Annotations

Branches:
Dungeon (10/15)            Temple (0/1) D:4            Lair (1/5) D:10
    Orc (0/2) D:9           Sewer (visited)         Ossuary (visited)

Altars:
Cheibriados
Dithmenos
Hepliaklqana
Okawaru
Qazlal
Sif Muna
Vehumet
Xom

Shops:
D:5 !   D:7 [?*

Annotations:
D:6 1 runed translucent door


Innate Abilities, Weirdness & Mutations

You are partially covered in sharp spines.
You are completely covered in razor-sharp scales. (AC +3, Slay +3)
Spells you cast may paralyse adjacent enemies.
You are strong-willed. (Will+)


Message History

There are monsters nearby!
Unknown command.
You are too injured to fight recklessly!
You hit the cane toad but do no damage. You drain the cane toad.
The cane toad is heavily wounded.
The cane toad stings you but does no damage.
The komodo dragon bites you but does no damage.
The cane toad stings you but does no damage.
You barely miss the cane toad.
The cane toad is heavily wounded.
The cane toad stings you but does no damage.
The komodo dragon bites you but does no damage.
Unknown command.
You slash the cane toad! You drain the cane toad.
The cane toad is almost dead.
The cane toad barely misses you. The komodo dragon bites you!
Unknown command.
You slash the cane toad!
You kill the cane toad!
Sif Muna accepts your kill. The komodo dragon bites you!
* * * LOW HITPOINT WARNING * * *
The komodo dragon bites you but does no damage.
Things that are here:
a +0 leather armour; a cane toad corpse; a yak corpse Unknown command.
The komodo dragon bites you but does no damage.
Unknown command.
The komodo dragon is struck by your spines.
The komodo dragon bites you!
* * * LOW HITPOINT WARNING * * *
Unknown command.
You slash the komodo dragon!
The komodo dragon is moderately wounded.
The komodo dragon bites you but does no damage.
You slash the komodo dragon!
The komodo dragon is severely wounded.
The komodo dragon is struck by your spines.
The komodo dragon bites you!
You die...

#......###
.#.###..........#
....... #.......####
.......##........#P#
...................####
.........#............##
........##.......####...
................######P#
.......@l.(....## #..###
........[.....## ##....
.......$†...### #....
...........## ##...
..........## ###.
##.......## ##
#.#.....## # ###....P#
##..###


You could see a komodo dragon.

Vanquished Creatures
  A hydra (D:9)
  Erica (D:8)
  2 two-headed ogres
  The ghost of MysticSailboat the Prestidigitator, a novice GnAr of Fedhas (D:9)
  A deep elf pyromancer (D:8)
  The ghost of MisterAzrael the Trooper, a novice DjCA of Ignis (D:6)
  Joseph (D:10)
  A cane toad (Lair:1)
  2 kobold demonologists (D:8)
  Maggie (D:8)
  Psyche (D:10)
  A komodo dragon (Lair:1)
  Prince Ribbit (D:8)
  A polar bear (Lair:1)
  A troll (D:9)
  16 yaks
  A vampire (D:8)
  2 wyverns (D:9)
  A steam dragon (D:8)
  Grum (D:8)
  2 acid dragons
  A black bear (D:6)
  2 sky beasts
  2 ice beasts
  An orc warrior (D:9)
  2 wolves (D:8)
  3 ogres
  2 centaurs (D:10)
  7 bullfrogs
  A phantom (D:5)
  3 kobold brigands
  Blork the orc (D:5)
  A gnoll sergeant (D:7)
  13 scorpions
  2 howler monkeys
  A bombardier beetle (D:5)
  A human zombie (Ossuary)
  2 hounds
  4 orc priests
  A jelly (D:5)
  4 sleepcaps
  4 scorpion zombies (Ossuary)
  An iguana (D:6)
  7 orc wizards
  3 mummies (Ossuary)
  7 gnolls
  6 adders
  7 river rats
  A white imp (D:6)
  6 ufetubi
  An adder zombie (Ossuary)
  A dart slug (D:5)
  2 ribbon worms
  24 orcs
  8 ball pythons
  7 endoplasms
  A giant cockroach (D:1)
  2 gnoll zombies (Ossuary)
  4 goblins
  4 hobgoblins
  2 jackals (D:4)
  6 quokkas
  2 ball python zombies (Ossuary)
  5 bats
  A frilled lizard (Sewer)
  5 jackal zombies (Ossuary)
  29 kobolds
  3 orc zombies (Ossuary)
  16 rats
259 creatures vanquished.

Notes
Turn   | Place    | Note
-------+----------+-------------------------------------------
     0 | D:1      | innerfire43 the Demonspawn Wanderer began the quest for the
                  | Orb.
     0 | D:1      | innerfire43 set off with the following items: a +3
                  | falchion, 6 boomerangs, a +0 dagger, a potion of haste, a
                  | +0 leather armour.
     0 | D:1      | Reached XP level 1. HP: 19/19 MP: 1/1
   150 | D:1      | Gained mutation: You are partially covered in razor-sharp
                  | scales. (AC +1, Slay +1) [demonic ancestry]
   150 | D:1      | Reached XP level 2. HP: 22/25 MP: 2/2
   520 | D:1      | Reached XP level 3. HP: 30/30 MP: 3/3
   908 | D:2      | Reached XP level 4. HP: 24/37 MP: 4/4
  1044 | D:2      | Found a stormy altar of Qazlal.
  1278 | D:2      | Gained mutation: You are strong-willed. (Will+) [potion of
                  | mutation]
  1806 | D:3      | Found a shimmering blue altar of Sif Muna.
  1886 | D:3      | Became a worshipper of Sif Muna the Loreminder
  1968 | D:4      | Reached skill level 5 in Long Blades
  2029 | D:4      | Noticed a scorpion
  2037 | D:4      | Killed a scorpion
  2038 | D:4      | Reached skill level 1 in Spellcasting
  2038 | D:4      | Gained mutation: You are mostly covered in razor-sharp
                  | scales. (AC +2, Slay +2) [demonic ancestry]
  2038 | D:4      | Reached XP level 5. HP: 39/42 MP: 5/7
  2131 | D:4      | Found a glowing drain.
  2220 | Sewer    | Entered a sewer
  2333 | Sewer    | Reached * piety under Sif Muna
  2521 | Sewer    | Gained mutation: Spells you cast may paralyse adjacent
                  | enemies. [demonic ancestry]
  2521 | Sewer    | Reached XP level 6. HP: 35/48 MP: 9/9
  2585 | Sewer    | Reached ** piety under Sif Muna
  3046 | D:4      | Found a shadowy altar of Dithmenos.
  3508 | D:4      | Found a staircase to the Ecumenical Temple.
  3680 | D:5      | Entered Level 5 of the Dungeon
  3737 | D:5      | Reached XP level 7. HP: 35/54 MP: 12/12
  3898 | D:5      | Noticed Blork the orc
  3912 | D:5      | Killed Blork the orc
  4007 | D:5      | Found Kyapax's Distillery.
  4286 | D:5      | Found a stormy altar of Qazlal.
  4425 | D:5      | Found a hazy altar of Hepliaklqana.
  4499 | D:6      | Reached skill level 5 in Spellcasting
  4507 | D:6      | Gained mutation: You are partially covered in sharp spines.
                  | [demonic ancestry]
  4507 | D:6      | Reached XP level 8. HP: 31/60 MP: 15/15
  4678 | D:6      | Reached *** piety under Sif Muna
  4822 | D:6      | Found a sand-covered staircase.
  4877 | Ossuary  | Entered an ossuary
  4913 | Ossuary  | Reached skill level 5 in Armour
  5199 | Ossuary  | Reached XP level 9. HP: 60/65 MP: 19/19
  5249 | Ossuary  | Reached skill level 1 in Evocations
  5400 | D:6      | Found a runed translucent door.
  5411 | D:6      | Noticed MisterAzrael's ghost (novice DjCA)
  5598 | D:6      | Found a runed translucent door.
  5634 | D:6      | Reached skill level 1 in Invocations
  5843 | D:6      | Killed MisterAzrael's ghost
  5844 | D:6      | Reached skill level 2 in Invocations
  6062 | D:7      | Reached **** piety under Sif Muna
  6065 | D:7      | Found Furusen's Magic Scroll Shop.
  6071 | D:7      | Reached skill level 3 in Invocations
  6292 | D:7      | Reached skill level 4 in Invocations
  6400 | D:7      | Found a snail-covered altar of Cheibriados.
  6472 | D:7      | Reached skill level 5 in Invocations
  6619 | D:7      | Found Qaxt's Armour Boutique.
  6876 | D:7      | Found Xoro's Assorted Antiques.
  7200 | D:5      | Bought a potion of experience for 550 gold pieces
  7200 | D:5      | Reached skill level 12 in Invocations
  7200 | D:5      | Reached XP level 10. HP: 79/79 MP: 20/20
  7211 | D:5      | Learned a level 9 spell: Chain Lightning
  7221 | D:5      | Learned a level 9 spell: Fire Storm
  7268 | D:8      | Noticed Erica
  7276 | D:8      | Killed Erica
  7398 | D:8      | Reached skill level 13 in Invocations
  7501 | D:8      | Reached XP level 11. HP: 43/84 MP: 21/21
  7764 | D:8      | Noticed a two-headed ogre
  7777 | D:8      | Killed a two-headed ogre
  7778 | D:8      | Reached skill level 14 in Invocations
  7850 | D:8      | Noticed Grum
  7868 | D:8      | Killed Grum
  7994 | D:8      | Noticed Prince Ribbit
  8012 | D:8      | Killed Prince Ribbit
  8200 | D:8      | Noticed Maggie
  8208 | D:8      | Reached ***** piety under Sif Muna
  8220 | D:8      | Killed Maggie
  8221 | D:8      | Reached skill level 15 in Invocations
  8249 | D:8      | Noticed a deep elf pyromancer
  8263 | D:8      | Killed a deep elf pyromancer
  8646 | D:8      | Found a shimmering altar of Xom.
  8831 | D:9      | Noticed a two-headed ogre
  8843 | D:9      | Killed a two-headed ogre
  8844 | D:9      | Reached skill level 16 in Invocations
  9301 | D:9      | Found a staircase to the Orcish Mines.
  9738 | D:9      | Reached skill level 17 in Invocations
  9835 | D:9      | Noticed MysticSailboat's ghost (novice GnAr)
  9835 | D:9      | Noticed an 11-headed hydra
  9836 | D:9      | Found a runed translucent gate.
  9836 | D:9      | Found a runed translucent gate.
  9836 | D:9      | Found a runed translucent gate.
 10040 | D:9      | Killed MysticSailboat's ghost
 10052 | D:9      | Killed a 19-headed hydra
 10380 | D:10     | Entered Level 10 of the Dungeon
 10389 | D:10     | Noticed Psyche
 10398 | D:10     | Killed Psyche
 10519 | D:10     | Found a radiant altar of Vehumet.
 10627 | D:10     | Found a staircase to the Lair.
 10814 | D:10     | Found an iron altar of Okawaru.
 11070 | D:10     | Noticed Joseph
 11085 | D:10     | Killed Joseph
 11086 | D:10     | Gained mutation: You are completely covered in razor-sharp
                  | scales. (AC +3, Slay +3) [demonic ancestry]
 11086 | D:10     | Reached XP level 12. HP: 79/91 MP: 24/24
 11274 | Lair:1   | Entered Level 1 of the Lair of Beasts
 11641 | Lair:1   | Slain by a komodo dragon

Illustrated notes

Levels and vault maps discovered:
D:1:      scummos_arrival_hexagon, layout_basic, bh_walls_and_bars
D:2:      cheibrodos_pilgrimage, layout_rooms, basic_altar, nrook_mini_vaults
D:3:      layout_loops_ring, led_sif_pool, minmay_misc_feat_nine_boxes
D:4:      layout_rooms, kennysheep_little_box,
          minmay_temple_entry_enclosed_plants, portal_sewer_entry_e
D:5:      layout_cave_pools, kennysheep_mini_moat,
          nicolae_qazlal_beasts_of_the_sky, serial_shops, shop,
          uniq_blork_the_orc
D:6:      layout_cave_pools, nicolae_ossuary_entry_false_entrances,
          ebering_ghost_sewer_f, dreamdust_mushroom_princess
D:7:      layout_basic, slow_altar_2, serial_shops, nicolae_shop_trees, shop,
          nicolae_shop_dealshenge
D:8:      layout_cave_pools, mainiacjoe_overflow_six_doors_small,
          serial_library, serial_library_hellmonk_long_bookcase,
          serial_library_regret_index_multi,
          serial_library_hellmonk_double_dead_end,
          serial_library_hellmonk_angled_corner,
          serial_library_hellmonk_octagon, serial_library_hellmonk_hallway_a,
          uniq_erica, uniq_grum, uniq_prince_ribbit1, uniq_maggie
D:9:      nicolae_cairo_tiling_very_big, layout_loops_ring,
          gammafunk_ghost_hydra_chop
D:10:     layout_roguey, nicolae_overflow_hidden_temple, lemuel_doored_altar,
          lair_entry_dummy, uniq_psyche, uniq_joseph
Lair:1:   layout_cave_pods

Skill      XL: |  1  2  3  4  5  6  7  8  9 10 11 |
---------------+----------------------------------+-----
Long Blades    | 4 5 6 7 |  7.4
Armour         | 2 3 4 5 6 |  6.5
Spellcasting   | 1 2 3 5 6 7 |  7.3
Evocations     | 3 |  3.6
Invocations    | 12 13 17 | 17.5
Fighting       | 7 |  7.8
Throwing       | |  1.0

Action                     |  1- 3 |  4- 6 |  7- 9 | 10-12 || total
---------------------------+-------+-------+-------+-------++-------
  Melee: Falchion          |    61 |   224 |   302 |   262 ||   849
         Punch             |     1 |     1 |     3 |     3 ||     8
         Long sword        |       |       |       |    57 ||    57
   Cast: Chain Lightning   |       |       |       |     2 ||     2
         Shatter           |       |       |       |     1 ||     1
 Invoke: Divine Exegesis   |       |       |       |     3 ||     3
    Use: Potion            |       |     5 |     2 |       ||     7
         Scroll            |       |     9 |     8 |     3 ||    20
   Stab: Paralysed         |       |       |       |     9 ||     9
 Armour: Leather armour    |     5 |       |       |       ||     5
         Scale mail        |    40 |   262 |   175 |       ||   477
         Plate armour      |       |       |    84 |   464 ||   548
  Dodge: Dodged            |    26 |   159 |   107 |    64 ||   356

Table legend: (Time is in decaauts)
 A = Elapsed time spent in this place.
 B = Non-inter-level travel time spent in this place.
 C = Inter-level travel time spent in this place.
 D = Time resting spent in this place.
 E = Time spent auto-exploring this place.
 F = Levels seen in this place.
 G = Mean time per level.
                   A        B        C        D        E       F      G
               +--------+--------+--------+--------+--------+-----+--------+
         Total |  11650 |  10988 |    662 |      0 |   8625 |  13 |  896.2 |
       Dungeon |   9993 |   9331 |    662 |      0 |   7542 |  10 |  999.3 |
          Lair |    367 |    367 |      0 |      0 |    322 |   1 |  367.0 |
         Sewer |    811 |    811 |      0 |      0 |    492 |   1 |  811.0 |
       Ossuary |    478 |    478 |      0 |      0 |    269 |   1 |  478.0 |
               +--------+--------+--------+--------+--------+-----+--------+

Top non-repeatable levels by time:
     D:9: 1578 daAuts
     D:8: 1533 daAuts
     D:7: 1182 daAuts
     D:6: 1050 daAuts
     D:4: 996 daAuts
    D:10: 899 daAuts
     D:5: 845 daAuts
   Sewer: 811 daAuts
     D:1: 743 daAuts
     D:3: 622 daAuts
     D:2: 542 daAuts
 Ossuary: 478 daAuts
  Lair:1: 367 daAuts
